| TOP OF THE 1ST |
|
Cincinnati Reds batting - Pitching for Chicago Cubs : LHP Unkei Wakamatsu
|
|
Pitching: LHP Unkei Wakamatsu
|
|
|
Batting: RHB Willie Lazcano
|
0-0: Ball 1-0: Reached on error, E6 (Groundball, 6, EV 88.1 MPH)
|
|
Batting: SHB Tony Prado
|
0-0: Called Strike 0-1: Swinging Strike 0-2: Ball 1-2: Foul Ball, location: 2F 1-2: Ball 2-2: Fly out, F8 (Flyball, 8RD, EV 98.8 MPH)
|
|
Batting: SHB Jun Tsuda
|
0-0: Ball 1-0: Ball 2-0: Called Strike 2-1: 2-RUN HOME RUN (Flyball, 7D, EV 95.0 MPH), Distance : 380 ft
|
|
Batting: LHB Chris Grunwald
|
0-0: Called Strike 0-1: Foul Ball, location: 2F 0-2: Fly out, F3 (Popup, 3S, EV 63.1 MPH)
|
|
Batting: SHB Dave Barefoot
|
0-0: Called Strike 0-1: Foul Ball, location: 2F 0-2: Ball 1-2: Foul Ball, location: 2F 1-2: Ball 2-2: Strikes out swinging
|
| Top of the 1st over - 2 runs, 1 hit, 1 error, 0 left on base; Cincinnati 2 - Chicago 0 |
| BOTTOM OF THE 1ST |
|
Chicago Cubs batting - Pitching for Cincinnati Reds : RHP Constantino Chamisso
|
|
Pitching: RHP Constantino Chamisso
|
|
|
Batting: SHB Moe Lester
|
0-0: Fly out, F8 (Flyball, 89M, EV 88.1 MPH)
|
|
Batting: RHB Steve Bartman Jr.
|
0-0: Swinging Strike 0-1: Ball 1-1: Ground out 6-3 (Groundball, 6, EV 106.2 MPH)
|
|
Batting: RHB Efrain Vargas
|
0-0: Called Strike 0-1: Foul Ball, location: 2F 0-2: Ball 1-2: Ball 2-2: SINGLE (Line Drive, 78S, EV 108.8 MPH)
|
|
Batting: RHB Heef Harted
|
0-0: Ball 1-0: Swinging Strike 1-1: Ball 2-1: Foul Ball, location: 2F 2-2: Ball 3-2: Base on Balls Efrain Vargas to second
|
|
Batting: LHB Andy Arbuckle
|
0-0: Called Strike 0-1: Foul Ball, location: 2F 0-2: Ball 1-2: SINGLE (Groundball, 34D, EV 99.4 MPH) Efrain Vargas to third Heef Harted to second Runner from 3rd tries for Home, SAFE, throw by RF to home
|
|
Batting: RHB Kanehisa Kubo
|
0-0: Ball 1-0: Foul Ball, location: 2F 1-1: Called Strike 1-2: Fielders Choice at 2nd, 5-4 (Groundball, 5, EV 104.4 MPH)
|
| Bottom of the 1st over - 1 run, 2 hits, 0 errors, 2 left on base; Cincinnati 2 - Chicago 1 |
| TOP OF THE 2ND |
|
Cincinnati Reds batting - Pitching for Chicago Cubs : LHP Unkei Wakamatsu
|
|
Batting: RHB Steve Castleberry
|
0-0: Ball 1-0: Foul Ball, location: 2F 1-1: Foul Ball, location: 2F 1-2: Ball 2-2: Ground out U3 (Groundball, 3, EV 82.5 MPH)
|
|
Batting: RHB Omar Quintana
|
0-0: Called Strike 0-1: Ball 1-1: Swinging Strike 1-2: Strikes out swinging
|
|
Batting: RHB Joseph Kirchmann
|
0-0: Swinging Strike 0-1: Ground out 5-3 (Groundball, 56, EV 88.8 MPH)
|
| Top of the 2nd over - 0 runs, 0 hits, 0 errors, 0 left on base; Cincinnati 2 - Chicago 1 |
| BOTTOM OF THE 2ND |
|
Chicago Cubs batting - Pitching for Cincinnati Reds : RHP Constantino Chamisso
|
|
Batting: LHB Barend van der Kamp
|
0-0: Called Strike 0-1: Swinging Strike 0-2: SINGLE (Line Drive, 7S, EV 104.4 MPH)
|
|
Batting: SHB Steve DiDomenico
|
0-0: Ball 1-0: Ball 2-0: Ball 3-0: Base on Balls Barend van der Kamp to second
|
|
Batting: RHB Adam Kelliher
|
0-0: Ball 1-0: Called Strike 1-1: Ball 2-1: Ball 3-1: Base on Balls Barend van der Kamp to third Steve DiDomenico to second
|
|
Batting: SHB Moe Lester
|
0-0: Ball 1-0: Ball 2-0: Called Strike 2-1: Swinging Strike 2-2: Ball 3-2: Base on Balls Barend van der Kamp scores Steve DiDomenico to third Adam Kelliher to second
|
|
Batting: RHB Steve Bartman Jr.
|
0-0: Ball 1-0: Foul Ball, location: 2F 1-1: Swinging Strike 1-2: Ball 2-2: Ball 3-2: Strikes out swinging
|
|
Batting: RHB Efrain Vargas
|
0-0: Ball 1-0: Called Strike 1-1: Ball 2-1: Foul Ball, location: 2F 2-2: Grounds into double play, 1-2-3 (Groundball, 13S, EV 71.2 MPH)
|
| Bottom of the 2nd over - 1 run, 1 hit, 0 errors, 2 left on base; Cincinnati 2 - Chicago 2 |
| TOP OF THE 3RD |
|
Cincinnati Reds batting - Pitching for Chicago Cubs : LHP Unkei Wakamatsu
|
|
Batting: LHB Antonio Figueroa
|
0-0: Ball 1-0: Foul Ball, location: 2F 1-1: Ball 2-1: Ground out 2-3 (Groundball, 2L, EV 72.5 MPH)
|
|
Batting: RHB Willie Lazcano
|
0-0: Ball 1-0: Called Strike 1-1: Foul Ball, location: 2F 1-2: Ground out 1-3 (Groundball, 25, EV 64.4 MPH)
|
|
Batting: SHB Tony Prado
|
0-0: Ball 1-0: Foul Ball, location: 2F 1-1: Fly out, F8 (Flyball, 8RS, EV 93.1 MPH)
|
| Top of the 3rd over - 0 runs, 0 hits, 0 errors, 0 left on base; Cincinnati 2 - Chicago 2 |
| BOTTOM OF THE 3RD |
|
Chicago Cubs batting - Pitching for Cincinnati Reds : RHP Constantino Chamisso
|
|
Batting: RHB Heef Harted
|
0-0: Called Strike 0-1: Ball 1-1: Ground out 5-3 (Groundball, 56S, EV 85.6 MPH)
|
|
Batting: LHB Andy Arbuckle
|
0-0: Ground out 4-3 (Groundball, 4, EV 100.6 MPH)
|
|
Batting: RHB Kanehisa Kubo
|
0-0: Called Strike 0-1: Swinging Strike 0-2: Ball 1-2: Strikes out swinging
|
| Bottom of the 3rd over - 0 runs, 0 hits, 0 errors, 0 left on base; Cincinnati 2 - Chicago 2 |
| TOP OF THE 4TH |
|
Cincinnati Reds batting - Pitching for Chicago Cubs : LHP Unkei Wakamatsu
|
|
Batting: SHB Jun Tsuda
|
0-0: Ball 1-0: Foul Ball, location: 2F 1-1: Called Strike 1-2: Foul Ball, location: 2F 1-2: Strikes out looking
|
|
Batting: LHB Chris Grunwald
|
0-0: Swinging Strike 0-1: Ball 1-1: Ball 2-1: Swinging Strike 2-2: Strikes out swinging
|
|
Batting: SHB Dave Barefoot
|
0-0: Called Strike 0-1: Ball 1-1: SINGLE (Line Drive, 89S, EV 104.4 MPH)
|
|
Batting: RHB Steve Castleberry
|
0-0: Ball 1-0: Ball 2-0: Ground out U3 (Groundball, 3S, EV 88.8 MPH)
|
| Top of the 4th over - 0 runs, 1 hit, 0 errors, 1 left on base; Cincinnati 2 - Chicago 2 |
| BOTTOM OF THE 4TH |
|
Chicago Cubs batting - Pitching for Cincinnati Reds : RHP Constantino Chamisso
|
|
Batting: LHB Barend van der Kamp
|
0-0: Ball 1-0: Called Strike 1-1: Swinging Strike 1-2: Ball 2-2: Strikes out swinging
|
|
Batting: SHB Steve DiDomenico
|
0-0: Ball 1-0: Ball 2-0: Foul Ball, location: 2F 2-1: Ball 3-1: Fly out, F9 (Flyball, 89D, EV 101.2 MPH)
|
|
Batting: RHB Adam Kelliher
|
0-0: Called Strike 0-1: Ball 1-1: Swinging Strike 1-2: Foul Ball, location: 2F 1-2: Strikes out swinging
|
| Bottom of the 4th over - 0 runs, 0 hits, 0 errors, 0 left on base; Cincinnati 2 - Chicago 2 |
| TOP OF THE 5TH |
|
Cincinnati Reds batting - Pitching for Chicago Cubs : LHP Unkei Wakamatsu
|
|
Batting: RHB Omar Quintana
|
0-0: Foul Ball, location: 2F 0-1: Swinging Strike 0-2: Foul Ball, location: 2F 0-2: Ground out 6-3 (Groundball, 6M, EV 84.4 MPH)
|
|
Batting: RHB Joseph Kirchmann
|
0-0: Swinging Strike 0-1: Foul Ball, location: 2F 0-2: Ball 1-2: Fly out, F9 (Flyball, 89M, EV 91.2 MPH)
|
|
Batting: LHB Antonio Figueroa
|
0-0: Foul Ball, location: 2F 0-1: Ball 1-1: Swinging Strike 1-2: Strikes out looking
|
| Top of the 5th over - 0 runs, 0 hits, 0 errors, 0 left on base; Cincinnati 2 - Chicago 2 |
| BOTTOM OF THE 5TH |
|
Chicago Cubs batting - Pitching for Cincinnati Reds : RHP Constantino Chamisso
|
|
Batting: SHB Moe Lester
|
0-0: Ball 1-0: Foul Ball, location: 2F 1-1: Foul Ball, location: 2F 1-2: Strikes out looking
|
|
Batting: RHB Steve Bartman Jr.
|
0-0: Called Strike 0-1: Called Strike 0-2: Ground out 6-3 (Groundball, 6, EV 81.9 MPH)
|
|
Batting: RHB Efrain Vargas
|
0-0: Ball 1-0: Called Strike 1-1: Ball 2-1: Foul Ball, location: 2F 2-2: Ball 3-2: Ground out 3-1 (Groundball, 34, EV 102.5 MPH)
|
| Bottom of the 5th over - 0 runs, 0 hits, 0 errors, 0 left on base; Cincinnati 2 - Chicago 2 |
| TOP OF THE 6TH |
|
Cincinnati Reds batting - Pitching for Chicago Cubs : LHP Unkei Wakamatsu
|
|
Batting: RHB Willie Lazcano
|
0-0: SINGLE (Groundball, 6D, EV 105.0 MPH)
|
|
Batting: SHB Tony Prado
|
0-0: Foul Ball, location: 2F 0-1: Foul Ball, location: 2F 0-2: Strikes out swinging
|
|
Batting: SHB Jun Tsuda
|
0-0: Called Strike 0-1: Ball 1-1: Ball 2-1: Grounds into double play, 6-4-3 (Groundball, 6, EV 89.4 MPH)
|
| Top of the 6th over - 0 runs, 1 hit, 0 errors, 0 left on base; Cincinnati 2 - Chicago 2 |
| BOTTOM OF THE 6TH |
|
Chicago Cubs batting - Pitching for Cincinnati Reds : RHP Constantino Chamisso
|
|
Batting: RHB Heef Harted
|
0-0: Ground out U3 (Groundball, 34, EV 83.1 MPH)
|
|
Batting: LHB Andy Arbuckle
|
0-0: Ball 1-0: Called Strike 1-1: SINGLE (Line Drive, 7S, EV 96.9 MPH)
|
|
Batting: RHB Kanehisa Kubo
|
0-0: Called Strike 0-1: 2-RUN HOME RUN (Flyball, 78XD, EV 103.1 MPH), Distance : 416 ft
|
|
Batting: LHB Barend van der Kamp
|
0-0: SINGLE (Groundball, 4D, EV 104.4 MPH)
|
|
Batting: SHB Steve DiDomenico
|
0-0: Called Strike 0-1: Ball 1-1: Ball 2-1: Ball 3-1: SINGLE (Groundball, 34S, EV 85.0 MPH) (infield hit) Barend van der Kamp to second
|
|
Batting: RHB Adam Kelliher
|
0-0: Ball 1-0: Grounds into double play, 6-4-3 (Groundball, 6, EV 83.8 MPH)
|
| Bottom of the 6th over - 2 runs, 4 hits, 0 errors, 1 left on base; Cincinnati 2 - Chicago 4 |
| TOP OF THE 7TH |
|
Cincinnati Reds batting - Pitching for Chicago Cubs : LHP Unkei Wakamatsu
|
|
Batting: LHB Chris Grunwald
|
0-0: Ball 1-0: Called Strike 1-1: Foul Ball, location: 2F 1-2: Strikes out swinging
|
|
Batting: SHB Dave Barefoot
|
0-0: Ball 1-0: Foul Ball, location: 2F 1-1: SINGLE (Groundball, 34S, EV 65.0 MPH) (infield hit)
|
|
Batting: RHB Steve Castleberry
|
0-0: Called Strike 0-1: Ball 1-1: Ball 2-1: Called Strike 2-2: Reached on error, E3 (Groundball, 23, EV 85.6 MPH) Dave Barefoot to second
|
|
Batting: RHB Omar Quintana
|
0-0: Ball 1-0: Swinging Strike 1-1: Swinging Strike 1-2: Foul Ball, location: 2F 1-2: Strikes out swinging
|
|
Batting: RHB Joseph Kirchmann
|
0-0: Called Strike 0-1: Ball 1-1: Ground out 3-1 (Groundball, 13, EV 90.6 MPH)
|
| Top of the 7th over - 0 runs, 1 hit, 1 error, 2 left on base; Cincinnati 2 - Chicago 4 |
| BOTTOM OF THE 7TH |
|
Chicago Cubs batting - Pitching for Cincinnati Reds : RHP Constantino Chamisso
|
|
Pitching: RHP Ragnar Alqvist
|
|
|
Batting: SHB Moe Lester
|
0-0: Ball 1-0: Ball 2-0: Ball 3-0: Base on Balls
|
|
Batting: RHB Steve Bartman Jr.
|
0-0: Called Strike Moe Lester steals 2nd base (no throw) 0-1: Ball 1-1: SINGLE (Groundball, 34, EV 94.4 MPH) Moe Lester to third Runner from 3rd tries for Home, SAFE, throw by RF to home
|
|
Batting: RHB Efrain Vargas
|
0-0: Ball 1-0: Called Strike Steve Bartman Jr. steals 2nd base (no throw) 1-1: Intentional Walk
|
|
Batting: RHB Heef Harted
|
0-0: Foul Ball, location: 2F 0-1: Called Strike 0-2: Foul Ball, location: 2F 0-2: Foul Ball, location: 2F 0-2: Ball 1-2: Ball 2-2: Foul Ball, location: 2F 2-2: Fly out, F9 (Line Drive, 9, EV 85.6 MPH)
|
|
Batting: LHB Andy Arbuckle
|
0-0: Ball 1-0: Ball 2-0: Called Strike 2-1: Called Strike 2-2: Foul Ball, location: 2F 2-2: Ball 3-2: Foul Ball, location: 2F 3-2: Strikes out looking
|
|
Batting: RHB Kanehisa Kubo
|
0-0: Called Strike 0-1: SINGLE (Line Drive, 7LS, EV 89.4 MPH) Steve Bartman Jr. to third Efrain Vargas to second Runner from 3rd tries for Home, SAFE, throw by LF to home Efrain Vargas to third Kanehisa Kubo to second
|
|
Pitching: LHP Eddie Grape
|
|
|
Batting: LHB Barend van der Kamp
|
0-0: Ball Wild Pitch! Efrain Vargas scores Kanehisa Kubo to third 1-0: Ball 2-0: Ball 3-0: Called Strike 3-1: Foul Ball, location: 2F 3-2: Foul Ball, location: 2F 3-2: Ground out 5-3 (Groundball, 56D, EV 103.1 MPH)
|
| Bottom of the 7th over - 3 runs, 2 hits, 0 errors, 1 left on base; Cincinnati 2 - Chicago 7 |
| TOP OF THE 8TH |
|
Cincinnati Reds batting - Pitching for Chicago Cubs : LHP Unkei Wakamatsu
|
|
Batting: LHB Antonio Figueroa
|
0-0: Called Strike 0-1: Foul Ball, location: 2F 0-2: SINGLE (Line Drive, 78S, EV 106.2 MPH)
|
|
Batting: RHB Willie Lazcano
|
0-0: Ball 1-0: Ball 2-0: Called Strike 2-1: Called Strike 2-2: Ball 3-2: Strikes out swinging
|
|
Batting: SHB Tony Prado
|
0-0: Called Strike 0-1: Ball 1-1: Called Strike 1-2: Foul Ball, location: 2F 1-2: Fly out, F9 (Flyball, 89M, EV 90.6 MPH)
|
|
Batting: SHB Jun Tsuda
|
0-0: Ball 1-0: Swinging Strike 1-1: Called Strike 1-2: Foul Ball, location: 2F 1-2: Foul Ball, location: 2F 1-2: Fly out, F7 (Flyball, 78S, EV 90.0 MPH)
|
| Top of the 8th over - 0 runs, 1 hit, 0 errors, 1 left on base; Cincinnati 2 - Chicago 7 |
| BOTTOM OF THE 8TH |
|
Chicago Cubs batting - Pitching for Cincinnati Reds : LHP Eddie Grape
|
|
Batting: SHB Steve DiDomenico
|
0-0: Ball 1-0: Ball 2-0: Foul Ball, location: 2F 2-1: Ground out U3 (Groundball, 34S, EV 86.9 MPH)
|
|
Batting: RHB Adam Kelliher
|
0-0: Foul Ball, location: 2F 0-1: SOLO HOME RUN (Flyball, 9LD, EV 96.2 MPH), Distance : 367 ft
|
|
Batting: SHB Moe Lester
|
0-0: Called Strike 0-1: Foul Ball, location: 2F 0-2: Ball 1-2: Fly out, F6 (Line Drive, 6, EV 74.4 MPH)
|
|
Batting: RHB Steve Bartman Jr.
|
0-0: Ground out 4-3 (Groundball, 4MS, EV 71.9 MPH)
|
| Bottom of the 8th over - 1 run, 1 hit, 0 errors, 0 left on base; Cincinnati 2 - Chicago 8 |
| TOP OF THE 9TH |
|
Cincinnati Reds batting - Pitching for Chicago Cubs : LHP Unkei Wakamatsu
|
|
Batting: LHB Chris Grunwald
|
0-0: Called Strike 0-1: Ball 1-1: DOUBLE (Line Drive, 89XD, EV 98.1 MPH)
|
|
Batting: SHB Dave Barefoot
|
0-0: Foul Ball, location: 2F 0-1: Foul Ball, location: 2F 0-2: Ball 1-2: Foul Ball, location: 2F 1-2: Foul Ball, location: 2F 1-2: Ball 2-2: Ball 3-2: Foul Ball, location: 2F 3-2: Foul Ball, location: 2F 3-2: Foul Ball, location: 2F 3-2: Foul Ball, location: 2F 3-2: Base on Balls
|
|
Pitching: RHP Josh MacQueen
|
|
|
Batting: RHB Steve Castleberry
|
0-0: Called Strike 0-1: Fielders Choice at 2nd, 3-6 (Groundball, 34, EV 104.4 MPH) Chris Grunwald to third
|
|
Batting: RHB Omar Quintana
|
0-0: Ground out 5-3 (Groundball, 56S, EV 67.5 MPH) Chris Grunwald scores Steve Castleberry to second
|
|
Batting: RHB Joseph Kirchmann
|
0-0: Ball 1-0: Ball 2-0: Called Strike 2-1: Swinging Strike 2-2: Ball 3-2: Strikes out swinging
|
| Top of the 9th over - 1 run, 1 hit, 0 errors, 1 left on base; Cincinnati 3 - Chicago 8 |
|